 Dungeon Crawl Stone Soup version 0.27-a0-972-gd1521fd518 (webtiles) character file.

Game seed: 3189032857121214420

10 Alarkh the Insei (level 2, 0/21 HPs)
             Began as a Demonspawn Transmuter on Apr 13, 2021.
             Slain by a quokka (5 damage)
             ... on level 1 of the Dungeon.
             The game lasted 00:00:41 (419 turns).

Alarkh the Insei (Demonspawn Transmuter)             Turns: 419, Time: 00:00:41

Health: 0/21       AC:  2    Str: 10    XL:     2   Next: 10%
Magic:  3/5        EV: 12    Int: 14    God:
Gold:   4          SH:  0    Dex: 13    Spells: 4/5 levels left

rFire    . . .     SeeInvis .     - Unarmed
rCold    . . .     Faith    .   (no shield)
rNeg     . . .     Spirit   .   a - +0 robe
rPois    .         Reflect  .   (helmet currently unavailable)
rElec    .         Harm     .   (no cloak)
rCorr    .         Rampage  .   (no gloves)
Will     .....                  (boots currently unavailable)
Stlth    +.........             (no amulet)
HPRegen  0.07/turn              (no ring)
MPRegen  0.09/turn              (no ring)

@: appendages (expiring)
A: horns 2, talons 2, ignite blood 1
a: End Transformation


You were on level 1 of the Dungeon.
You had temporarily grown beastly horns and talons.
You visited 1 branch of the dungeon, and saw 1 of its levels.

You collected 4 gold pieces.

Inventory:

Armour
 a - a +0 robe (worn)
Jewellery
 b - a ring of fire
 d - a ring of see invisible
Scrolls
 c - 2 scrolls of identify {unknown}
 e - a scroll of noise {unknown}


   Skills:
 + Level 1.2 Fighting
 - Level 1.7 Dodging
 * Level 2.9 Unarmed Combat
 + Level 2.1 Spellcasting
 + Level 2.0 Transmutations


You had 4 spell levels left.
You knew the following spells:

 Your Spells              Type           Power      Damage    Failure   Level
a - Beastly Appendage     Tmut           14%        N/A       11%         1

Your spell library contained the following spells:

 Spells                   Type           Power      Damage    Failure   Level
 Wereblood                Tmut           7%         N/A       16%         2
 Spider Form              Tmut/Pois      2%         N/A       43%         3
 Ice Form                 Ice/Tmut       4%         N/A       83%         4
 Hydra Form               Tmut           3%         N/A       96%         5


Dungeon Overview and Level Annotations

Branches:
Dungeon (1/15)

Altars:


Innate Abilities, Weirdness & Mutations

You have temporarily grown beastly horns and talons.
Your demonic aura sometimes causes spilled blood to erupt in flames


Message History

No target in view!
No target in view!
No target in view!
No target in view!
No target in view!
No target in view!
No target in view!
No target in view!
No target in view!
No target in view!
No target in view!
No target in view!
A goblin comes into view. It is wielding a +0 dagger.
The goblin shouts!
The quokka bites you.
You barely miss the quokka. Your kick misses the quokka.
You headbutt the quokka, but do no damage.
The quokka bites you.
You closely miss the quokka. The quokka closely misses you.
You closely miss the quokka. The quokka barely misses you.
A bat comes into view.
The quokka misses you.
You closely miss the quokka. Your headbutt misses the quokka.
Your transformation is almost over.
The quokka closely misses you.
You closely miss the goblin. The quokka completely misses you.
The goblin barely misses you.
You hit the goblin.
You kill the goblin!
The quokka bites you.
Your Transmutations skill increases to level 2!
You are too injured to fight recklessly!
You are too injured to fight recklessly!
You hit the quokka but do no damage. Your kick misses the quokka.
The quokka bites you.
* * * LOW HITPOINT WARNING * * *
You hit the quokka. Your kick misses the quokka.
The quokka is lightly wounded.
The quokka bites you.
You die...

.....###>......#.....##
# .....# #.......#.....#
#####.# ##.###
##........... # ##...##.
#.# ##.....##.# ..#
#.###.#. #.###
#.......#.# ..# #.#<#.#.
#...# #.......#.#...#
#.##'.#. ##.#.#
#.............# ##.#.##.
.#.#.####.......##...#
#.###'#.#
.(..............@)...+
#.....##
...##.........###r....#
#######.
...###...........b.....#
..#
...#....................
####
.......###..............
...
...####......#####......
..### ..## .##..##
...... # ... ## ..#
.....# #


You could see a quokka and a bat.

Vanquished Creatures
  A ball python (D:1)
  An endoplasm (D:1)
  A giant cockroach (D:1)
  A goblin (D:1)
  A hobgoblin (D:1)
  2 kobolds (D:1)
  A bat (D:1)
8 creatures vanquished.

Notes
Turn   | Place    | Note
-------+----------+-------------------------------------------
     0 | D:1      | Alarkh the Demonspawn Transmuter began the quest for the
                  | Orb.
     0 | D:1      | Reached XP level 1. HP: 15/15 MP: 3/3
    53 | D:1      | Found a faded altar of an unknown god.
   403 | D:1      | Gained mutation: Your demonic aura sometimes causes spilled
                  | blood to erupt in flames [demonic ancestry]
   403 | D:1      | Reached XP level 2. HP: 18/21 MP: 3/5
   419 | D:1      | Slain by a quokka

Illustrated notes

Levels and vault maps discovered:
D:1:      evilmike_arrival_rings, layout_rooms,
          chequers_ecumenical_altar_twisty, serial_shops,
          nicolae_shop_overgrown_old_shop

Skill      XL: |  1  2 |
---------------+-------+-----
Transmutations | 2 |  2.0
Fighting       | |  1.2
Dodging        | |  1.7
Unarmed Combat | |  2.9
Spellcasting   | |  2.1

Action                   || total
-------------------------++-------
Melee: Unarmed           ||    42
       Kick              ||     8
       Headbutt          ||     5
 Cast: Beastly Appendage ||     9
Armor: Robe              ||     5
Dodge: Dodged            ||    34

Table legend: (Time is in decaauts)
 A = Elapsed time spent in this place.
 B = Non-inter-level travel time spent in this place.
 C = Inter-level travel time spent in this place.
 D = Time resting spent in this place.
 E = Time spent auto-exploring this place.
 F = Levels seen in this place.
 G = Mean time per level.
                   A        B        C        D        E       F      G
               +--------+--------+--------+--------+--------+-----+--------+
         Total |    417 |    415 |      2 |      0 |    318 |   1 |  417.0 |
       Dungeon |    417 |    415 |      2 |      0 |    318 |   1 |  417.0 |
               +--------+--------+--------+--------+--------+-----+--------+

Top non-repeatable levels by time:
     D:1: 417 daAuts
